 Dungeon Crawl Stone Soup version 0.31-a0-1626-g5cb510d322 (webtiles) character file.

Game seed: 6103912544060857147

233 zenocrate the Sneak (level 6, -2/29 HPs)
             Began as a Vine Stalker Enchanter on Jan 13, 2024.
             Slain by Duvessa
             ... wielding a +0 rapier
              (4 damage)
             ... on level 4 of the Dungeon.
             The game lasted 00:03:04 (2776 turns).

zenocrate the Sneak (Vine Stalker Enchanter)        Turns: 2776, Time: 00:03:04

Health: -2/29      AC:  3    Str: 10    XL:     6   Next: 5%
Magic:  0/10       EV: 12    Int: 15    God:
Gold:   216        SH:  0    Dex: 17    Spells: 4/9 levels left

rFire   . . .        b - +2 rapier (drain)
rCold   . . .        (no shield)
rNeg    . . .        y - +0 robe
rPois   .            (no helmet)
rElec   .            q - +0 cloak
rCorr   .            (no gloves)
SInv    .            (no boots)
Will    .....        (no amulet)
Stlth   +++          (no ring)
HPRegen 1.04/turn    (no ring)
MPRegen 0.12/turn

%: guardian spirit
@: invisible
A: fangs 2, regeneration 1, magic shield, antimagic bite, no potion heal 2
a: no special abilities


You were on level 4 of the Dungeon.
You visited 1 branch of the dungeon, and saw 4 of its levels.

You collected 216 gold pieces.

Inventory:

Hand Weapons
 a - a +1 dagger
 b - a +2 rapier of draining (weapon)
Missiles
 l - 3 curare-tipped darts (quivered)
Armour
 q - a +0 cloak (worn)
 y - a +0 robe (worn)
Wands
 g - a wand of iceblast (13)
Scrolls
 d - 2 scrolls of immolation {unknown}
 e - a scroll of torment {unknown}
 h - a scroll of brand weapon {unknown}
 i - a scroll of teleportation {unknown}
 j - a scroll of revelation {unknown}
 r - a scroll of amnesia {unknown}
 s - 2 scrolls of identify {unknown}
 t - a scroll of fear {unknown}
 x - a scroll of fog {unknown}
 z - a scroll of enchant weapon {unknown}
Potions
 c - a potion of invisibility
 f - a potion of enlightenment {unknown}
 k - a potion of haste {unknown}
 m - 2 potions of resistance {unknown}
 n - a potion of degeneration {unknown}
 o - 2 potions of attraction {unknown}
 p - a potion of lignification {unknown}
 u - a potion of heal wounds {unknown}
 v - a potion of ambrosia {unknown}
 w - a potion of curing {unknown}


   Skills:
 - Level 0.6 Fighting
 + Level 2.1 Short Blades
 + Level 1.0 Armour
 + Level 2.3 Dodging
 + Level 4.8 Stealth
 - Level 2.1 Spellcasting
 + Level 4.1 Hexes
 + Level 1.8 Ice Magic
 + Level 0.0 Evocations


You had 4 spell levels left.
You knew the following spells:

 Your Spells              Type           Power      Damage    Failure   Level
a - Ensorcelled Hibernat  Hex/Ice        20%        N/A       10%         2
b - Confusing Touch       Hex            14%        N/A       12%         3

Your spell library contained the following spells:

 Spells                   Type           Power      Damage    Failure   Level
 Tukima's Dance           Hex            14%        N/A       12%         3
 Dazzling Flash           Conj/Hex       14%        N/A       28%         3
 Inner Flame              Hex/Fire       7%         N/A       28%         3
 Call Imp                 Summ           2%         N/A       32%         2
 Sublimation of Blood     Necr           1%         N/A       32%         2
 Volatile Blastmotes      Fire/Tloc      2%         2d10      54%         3
 Irradiate                Conj/Alch      0%         3d11      99%         5
 Starburst                Conj/Fire      0%         6d3       100%        6
 Summon Hydra             Summ           0%         N/A       100%        7
 Ignition                 Fire           0%         3d3       100%        8
 Maxwell's Capacitive Co  Air            0%         ∞         100%        8


Dungeon Overview and Level Annotations

Branches:
Dungeon (4/15)
 Temple: D:4-7

Altars:
Elyvilon
Fedhas

Annotations:
D:4 Duvessa


Innate Abilities, Weirdness & Mutations

You have extremely sharp teeth.
Your natural rate of healing is unusually fast.
When hurt, damage is shared between your health and your magic reserves.
Your bite disrupts and absorbs the magic of your enemies.
Potions cannot restore your health.


Message History

The adder bites you.
You barely miss the adder. The adder barely misses you.
You puncture the adder! You drain the adder.
You kill the adder!
Your Armour skill increases to level 1!
No target in view!
You see here an adder corpse.
No target in view!
z - a scroll labelled BYNTUO PETIL No target in view!
Duvessa shouts!
Duvessa goes berserk!
Duvessa is nearby!
Duvessa hits you with a +0 rapier!
Duvessa is nearby!
You hit Duvessa. You drain Duvessa. You bite Duvessa. You drain her power.
You feel invigorated.
Duvessa is lightly wounded.
Duvessa hits you with a +0 rapier!
Casting: Ensorcelled Hibernation (safe; 10% risk of failure)
Confirm with . or Enter, or press ? or * to list all spells.
You can't see any susceptible monsters within range! (Use Z to cast anyway.) Unknown command.
Casting: Ensorcelled Hibernation (safe; 10% risk of failure)
Confirm with . or Enter, or press ? or * to list all spells.
Okay, then.
You fade into invisibility!
Duvessa closely misses you. Duvessa misses you.
Unknown command.
You hit Duvessa.
Duvessa is lightly wounded.
Duvessa hits you with a +0 rapier!!
Ouch! That really hurt!
* * * LOW HITPOINT WARNING * * *
Unknown command.
Unknown command.
You hit Duvessa.
Duvessa is moderately wounded.
Duvessa closely misses you. Duvessa hits you with a +0 rapier.
You die...

..#....#...####.....#
..#....+...# #.....#
.######+...####.....#
....................#
###.................# #
.................# .
.....#.#.........#####
.
.++#.#.#...............
.. #.........@...######
.. ........e###.# .
........... .# .......
.# ....... .# .#.....
.# #..... #.....


You could see Duvessa (berserk, unable to see you, drained).

Vanquished Creatures
  Dowan (D:4)
  A hound (D:4)
  A jelly (D:4)
  4 adders
  A shadow imp (D:4)
  A white imp (D:4)
  2 dart slugs (D:1)
  2 ribbon worms
  An orc (D:3)
  7 bats
  8 endoplasms
  A giant cockroach (D:2)
  6 goblins
  12 hobgoblins
  2 jackals (D:1)
  4 quokkas
  2 ball pythons
  2 frilled lizards
  4 kobolds
  2 rats
64 creatures vanquished.

Notes
Turn   | Place    | Note
-------+----------+-------------------------------------------
     0 | D:1      | zenocrate the Vine Stalker Enchanter began the quest for
                  | the Orb.
     0 | D:1      | Reached XP level 1. HP: 9/9 MP: 4/4
    21 | D:1      | Reached skill level 1 in Short Blades
    49 | D:1      | Reached XP level 2. HP: 13/13 MP: 6/6
    52 | D:1      | Learned a level 2 spell: Ensorcelled Hibernation
   217 | D:1      | Found a faded altar of an unknown god.
   312 | D:1      | Reached XP level 3. HP: 16/16 MP: 3/7
   316 | D:1      | Learned a level 3 spell: Confusing Touch
  1198 | D:2      | Found a blossoming altar of Fedhas.
  1647 | D:3      | Reached skill level 1 in Ice Magic
  1653 | D:3      | Reached XP level 4. HP: 21/21 MP: 1/8
  2057 | D:3      | Found a white marble altar of Elyvilon.
  2182 | D:4      | Noticed Duvessa
  2183 | D:4      | Noticed Dowan
  2284 | D:4      | Reached XP level 5. HP: 25/25 MP: 4/9
  2569 | D:4      | Killed Dowan
  2687 | D:4      | Reached XP level 6. HP: 29/29 MP: 7/10
  2740 | D:4      | Reached skill level 1 in Armour
  2775 | D:4      | HP: 1/29 [Duvessa/+0 rapier (15)]
  2776 | D:4      | Slain by Duvessa

Illustrated notes

Levels and vault maps discovered:
D:1:      elethiomel_arrival_infinity_welcomes_careful_drivers, layout_basic,
          hellmonk_ecumenical_altar_lost_god, minmay_cupped
D:2:      layout_loops_ring, basic_altar
D:3:      layout_rooms, lemuel_coloured_pillars_altar
D:4:      layout_basic, mainiacjoe_overflow_small_starburst,
          serial_library_hellmonk_metal_room, uniq_duvessa

Skill      XL: |  1  2  3  4  5  6 |
---------------+-------------------+-----
Short Blades   | 1 2 |  2.1
Stealth        | 4 |  4.8
Dodging        | 2 |  2.3
Ice Magic      | 1 |  1.8
Hexes          | 4 |  4.1
Armour         | 1 |  1.0
Fighting       | |  0.6
Spellcasting   | |  2.1

Action                     |  1- 3 |  4- 6 || total
---------------------------+-------+-------++-------
  Melee: Dagger            |    99 |    20 ||   119
         Bite              |    25 |    11 ||    36
         Rapier            |       |    34 ||    34
   Cast: Ensorcelled Hiber |    14 |     5 ||    19
    Use: Potion            |       |     1 ||     1
   Stab: Sleeping          |    19 |    12 ||    31
 Armour: Robe              |    47 |    26 ||    73
  Dodge: Dodged            |    63 |    25 ||    88

Table legend: (Time is in decaauts)
 A = Elapsed time spent in this place.
 B = Non-inter-level travel time spent in this place.
 C = Inter-level travel time spent in this place.
 D = Time resting spent in this place.
 E = Time spent auto-exploring this place.
 F = Levels seen in this place.
 G = Mean time per level.
                   A        B        C        D        E       F      G
               +--------+--------+--------+--------+--------+-----+--------+
         Total |   2772 |   2652 |    120 |     17 |   2051 |   4 |  693.0 |
       Dungeon |   2772 |   2652 |    120 |     17 |   2051 |   4 |  693.0 |
               +--------+--------+--------+--------+--------+-----+--------+

Top non-repeatable levels by time:
     D:1: 890 daAuts
     D:2: 700 daAuts
     D:3: 607 daAuts
     D:4: 573 daAuts
